 Dungeon Crawl Stone Soup version 0.31.0-1-g2c135a008e (webtiles) character file.

Game seed: 11770560176333860983

1815 qw the Skirmisher (level 9, -4/65 HPs)
             Began as a Djinni Hunter on Jan 23, 2024.
             Was a Believer of Okawaru.
             Slain by a yak (12 damage)
             ... on level 5 of the Dungeon.
             The game lasted 00:00:28 (4727 turns).

qw the Skirmisher (Djinni Hunter)                   Turns: 4727, Time: 00:00:28

Health: -4/65      AC:  8    Str: 10    XL:     9   Next: 31%
Gold:   305        EV: 12    Int: 12    God:    Okawaru [**....] SH:  0 Dex: 20

rFire   + + .        a - +0 shortbow (chaos)
rCold   x . .        (shield currently unavailable)
rNeg    . . .        f - +0 ring mail
rPois   inf          d - +2 helmet
rElec   .            (no cloak)
rCorr   .            (no gloves)
SInv    .            (boots unavailable)
Will    .....        (no amulet)
Stlth   +            (no ring)
HPRegen 0.30/turn    (no ring)
MPRegen 0.00/turn

%: infuse magic (-5 HP)
@: flying
A: sickness immunity, fire resistance 2, cold vulnerability 1, float, innate
caster, HP casting, extra vitality 1
a: Renounce Religion, Heroism


You were on level 5 of the Dungeon.
You worshipped Okawaru.
Okawaru was pleased with you.
You visited 1 branch of the dungeon, and saw 5 of its levels.
You also visited: Ossuary.

You collected 305 gold pieces.


Innate Abilities, Weirdness & Mutations

You are immune to sickness and miasma.
You are immune to poison.
Your flesh is very heat resistant. (rF++)
You are vulnerable to cold. (rC-)
You float through the air rather than walking.
You learn spells naturally, not from books.
Your magical power is your life essence.
You have superior vitality. (+4 MHP)


   Skills:
 - Level 5.0 Fighting
 + Level 8.0 Ranged Weapons
 - Level 2.0 Armour
 - Level 4.0 Dodging
 - Level 0.7 Stealth
 + Level 4.0 Invocations


You knew the following spells:

 Your Spells              Type           Power      Damage    Failure   Level
a - Slow                  Hex            0%         N/A       63%         1
b - Mercury Vapours       Alch/Air       0%         N/A       77%         2
c - Mephitic Cloud        Conj/Alch/Air  0%         N/A       94%         3
d - Leda's Liquefaction   Alch/Erth      0%         N/A       100%        4
Your spell library was empty.

Inventory:

Hand Weapons
 a - a +0 shortbow of chaos (weapon)
Armour
 d - a +2 helmet (worn)
 f - a +0 ring mail (worn)
Wands
 b - a wand of flame (19)
 g - a wand of iceblast (18)
Scrolls
 h - a scroll of immolation {unknown}
 j - a scroll of identify
 k - 3 scrolls of vulnerability {unknown}
Potions
 e - 2 potions of curing
 i - a potion of might

Dungeon Overview and Level Annotations

Branches:
Dungeon (5/15)             Temple (0/1) D:4         Ossuary (visited)

Altars:
Ashenzari
Cheibriados
Okawaru
Qazlal
Trog
The Shining One


Message History

You shoot an arrow. The arrow closely misses the yak.
The arrow hits the yak but does no damage.
The acid corrodes the yak!
The yak is lightly wounded.
The yak gores you.
You shoot an arrow. The arrow hits the yak!
The yak is severely wounded.
The yak gores you! The yak gores you but does no damage.
You shoot an arrow. The arrow hits the yak!
The arrow burns the yak.
You kill the yak!
Okawaru is honoured by your kill.
You shoot an arrow. The arrow hits the yak!
The your shortbow of chaos misses the yak.
The yak is moderately wounded.
You shoot an arrow. The arrow hits the yak.
The arrow burns the yak.
The yak is heavily wounded.
The yak gores you!
You shoot an arrow. The arrow hits the yak!
The arrow burns the yak.
The yak is almost dead.
The yak closely misses you.
You shoot an arrow. The arrow hits the yak.
The yak is almost dead.
The yak closely misses you.
You shoot an arrow. The arrow barely misses the yak.
The arrow hits the yak.
The arrow freezes the yak.
The yak is moderately wounded.
The yak barely misses you.
You shoot an arrow. The arrow hits the yak.
You kill the yak!
Okawaru is honoured by your kill.
Your base Ranged Weapons skill increases to level 8!
Your Invocations skill increases to level 4!
You shoot an arrow. The arrow hits the yak.
The yak is moderately wounded.
You feel like a meek peon again. The yak gores you.
You shoot an arrow. The arrow hits the yak.
The arrow burns the yak.
The yak is moderately wounded.
The yak gores you!
You die...

#..........................#
#..........................#
####....).....................#
......).......................#
.......)......................#
...............##.............#
...............##.............#
...............######.........#
......(........Y@...#.........#
...............####.#.........#
.................<####........#
................##.'_'........#
................#..###........#
................#.## ##########
##########.#.##.#.# #.#....#.#
#.######.#


You could see a yak.

Vanquished Creatures
  Grinder (D:3)
  3 yaks (D:5)
  2 ogres
  A phantom (D:4)
  3 elf zombies (Ossuary)
  2 centaur zombies (Ossuary)
  An orc priest (D:3)
  3 hounds
  2 human zombies (Ossuary)
  3 iguanas
  An orc wizard (D:3)
  7 hound zombies (Ossuary)
  2 mummies (Ossuary)
  3 gnolls (D:4)
  7 adders
  A white imp (D:5)
  3 adder zombies (Ossuary)
  5 dart slugs
  2 ribbon worms (D:4)
  6 orcs
  7 endoplasms
  6 giant cockroaches
  4 gnoll zombies (Ossuary)
  15 goblins
  8 hobgoblins
  2 jackals (D:1)
  3 kobolds
  4 quokkas
  9 ball pythons
  9 bats
  5 frilled lizards
  8 jackal zombies (Ossuary)
  4 kobold zombies (Ossuary)
  4 orc zombies (Ossuary)
  7 rats
153 creatures vanquished.

Vanquished Creatures (collateral kills)
  A gnoll bouda (D:4)
  2 gnolls (D:4)
  An orc (D:4)
4 creatures vanquished.

Grand Total: 157 creatures vanquished

Notes
Turn   | Place    | Note
-------+----------+-------------------------------------------
     0 | D:1      | qw the Djinni Hunter began the quest for the Orb.
     0 | D:1      | Reached XP level 1. HP: 18/18 MP: 0/0
     0 | D:1      | 0 ||| qw: Version: 0.3-a-135-gb77e89d
     0 | D:1      | 0 ||| qw: Game counter: 887
     0 | D:1      | 0 ||| qw: Melee chars always use a shield: true
     0 | D:1      | 0 ||| qw: God list: Okawaru
     0 | D:1      | 0 ||| qw: Allow faded altars: false
     0 | D:1      | 0 ||| qw: Do Orc after clearing Dungeon:15 true
     0 | D:1      | 0 ||| qw: Do second Lair branch before Depths: true
     0 | D:1      | 0 ||| qw: Lair rune preference: random
     0 | D:1      | 0 ||| qw: Goals: Normal
     0 | D:1      | 0 ||| PLANNING D:1-11
    68 | D:1      | HP: 4/18 [jackal (1)]
    69 | D:1      | HP: 1/18 [rat (2)]
    71 | D:1      | Reached XP level 2. HP: 2/23 MP: 0/0
   293 | D:1      | Reached XP level 3. HP: 28/28 MP: 0/0
   293 | D:1      | Learned a level 1 spell: Slow
   373 | D:1      | Reached skill level 4 in Ranged Weapons
   778 | D:1      | 778 ||| UPGRADING to +0 ring mail.
   788 | D:1      | 788 ||| DROPPING +0 leather armour.
   789 | D:1      | 789 ||| READING scroll labelled UCOFUO QOAC.
   789 | D:1      | 789 ||| IDENTIFYING sedimented golden potion
   790 | D:1      | 790 ||| READING scroll labelled PYINUTRADA.
   791 | D:1      | 791 ||| READING scroll labelled DARCHE ATSORAT.
   792 | D:1      | 792 ||| DROPPING scroll of butterflies.
   793 | D:1      | 793 ||| DROPPING potion of degeneration.
  1402 | D:2      | Reached skill level 1 in Armour
  1402 | D:2      | Reached XP level 4. HP: 34/34 MP: 0/0
  1873 | D:2      | 1873 ||| READING 3 scrolls of identify.
  1873 | D:2      | 1873 ||| IDENTIFYING murky black potion
  1874 | D:2      | 1874 ||| READING 2 scrolls of identify.
  1874 | D:2      | 1874 ||| IDENTIFYING 2 scrolls labelled PEOBYFFEKE
  1875 | D:2      | 1875 ||| READING 2 scrolls of brand weapon.
  1875 | D:2      | 1875 ||| BRANDING +0 shortbow.
  1876 | D:2      | 1876 ||| READING scroll of brand weapon.
  1876 | D:2      | 1876 ||| BRANDING +0 shortbow of flaming.
  1877 | D:2      | 1877 ||| DROPPING potion of brilliance.
  2030 | D:3      | Reached skill level 3 in Fighting
  2062 | D:3      | Reached XP level 5. HP: 40/40 MP: 0/0
  2062 | D:3      | Learned a level 2 spell: Mercury Vapours
  2101 | D:3      | Found a broken altar of Ashenzari.
  2268 | D:3      | Noticed Grinder
  2276 | D:3      | Paralysed by Grinder for 3 turns
  2282 | D:3      | Paralysed by Grinder for 2 turns
  2284 | D:3      | HP: 9/40 [Grinder/puff of flame (3)]
  2288 | D:3      | Paralysed by Grinder for 4 turns
  2290 | D:3      | HP: 2/40 [Grinder/nerve-wracking pain (6)]
  2292 | D:3      | 2292 ||| FLEEEEING.
  2300 | D:3      | 2300 ||| FLEEEEING.
  2301 | D:3      | 2301 ||| FLEEEEING.
  2302 | D:3      | 2302 ||| FLEEEEING.
  2303 | D:3      | 2303 ||| FLEEEEING.
  2312 | D:3      | Paralysed by Grinder for 3 turns
  2315 | D:3      | HP: 6/40 [Grinder (2)]
  2315 | D:3      | HP: 2/40 [Grinder (4)]
  2318 | D:3      | Killed Grinder
  2319 | D:3      | Reached skill level 5 in Ranged Weapons
  2319 | D:3      | Reached XP level 6. HP: 4/46 MP: 0/0
  2380 | D:3      | 2380 ||| FLEEEEING.
  2381 | D:3      | 2381 ||| FLEEEEING.
  2384 | D:3      | 2384 ||| FLEEEEING.
  2385 | D:3      | 2385 ||| FLEEEEING.
  2386 | D:3      | 2386 ||| FLEEEEING.
  2387 | D:3      | 2387 ||| FLEEEEING.
  2388 | D:3      | 2388 ||| FLEEEEING.
  2389 | D:3      | 2389 ||| FLEEEEING.
  2390 | D:3      | 2390 ||| FLEEEEING.
  2391 | D:3      | 2391 ||| FLEEEEING.
  2392 | D:3      | 2392 ||| FLEEEEING.
  2393 | D:3      | 2393 ||| FLEEEEING.
  2394 | D:3      | 2394 ||| FLEEEEING.
  2395 | D:3      | 2395 ||| STAIRDANCE
  2473 | D:2      | 2473 ||| READING 2 scrolls of identify.
  2473 | D:2      | 2473 ||| IDENTIFYING green potion
  2474 | D:2      | 2474 ||| READING scroll of identify.
  2474 | D:2      | 2474 ||| IDENTIFYING cyan potion
  2475 | D:2      | 2475 ||| READING scroll labelled RORA EXZAOP.
  2476 | D:2      | 2476 ||| DROPPING potion of ambrosia.
  2851 | D:3      | 2851 ||| UPGRADING to +2 helmet.
  2890 | D:4      | HP: 9/46 [gnoll/+0 halberd[a gnoll bouda] (10)]
  2891 | D:4      | 2891 ||| DRINKING potion of heal wounds.
  2896 | D:4      | Reached skill level 3 in Dodging
  2896 | D:4      | Reached XP level 7. HP: 39/50 MP: 0/0
  2896 | D:4      | Learned a level 3 spell: Mephitic Cloud
  2896 | D:4      | 2896 ||| FLEEEEING.
  2898 | D:4      | 2898 ||| FLEEEEING.
  2899 | D:4      | 2899 ||| FLEEEEING.
  2900 | D:4      | 2900 ||| STAIRDANCE
  2971 | D:4      | 2971 ||| STAIRDANCE
  3060 | D:4      | 3060 ||| STAIRDANCE
  3110 | D:4      | Found a snail-covered altar of Cheibriados.
  3149 | D:4      | Reached skill level 6 in Ranged Weapons
  3291 | D:4      | Found an iron altar of Okawaru.
  3292 | D:4      | 3292 ||| PLANNING OKAWARU WORSHIP
  3292 | D:4      | 3292 ||| READING 2 scrolls of identify.
  3292 | D:4      | 3292 ||| IDENTIFYING scroll labelled ECSAENOISM
  3293 | D:4      | 3293 ||| DROPPING scroll of noise.
  3308 | D:4      | Became a worshipper of Warmaster Okawaru
  3309 | D:4      | 3309 ||| PLANNING D:1-11
  3363 | D:4      | Found a glowing golden altar of the Shining One.
  3416 | D:4      | Found a staircase to the Ecumenical Temple.
  3602 | D:4      | Found a stormy altar of Qazlal.
  3808 | D:4      | 3808 ||| READING 5 scrolls of identify.
  3808 | D:4      | 3808 ||| IDENTIFYING fizzy silvery potion
  3809 | D:4      | 3809 ||| READING 4 scrolls of identify.
  3809 | D:4      | 3809 ||| IDENTIFYING inky potion
  3810 | D:4      | 3810 ||| READING 3 scrolls of identify.
  3810 | D:4      | 3810 ||| IDENTIFYING red potion
  3811 | D:4      | 3811 ||| READING 2 scrolls of identify.
  3811 | D:4      | 3811 ||| IDENTIFYING dark potion
  3812 | D:4      | 3812 ||| READING scroll of identify.
  3812 | D:4      | 3812 ||| IDENTIFYING scroll labelled ENESHI PAMA
  3813 | D:4      | 3813 ||| DROPPING scroll of amnesia.
  3814 | D:4      | 3814 ||| DROPPING potion of lignification.
  3815 | D:4      | 3815 ||| DROPPING potion of attraction.
  3826 | D:5      | Entered Level 5 of the Dungeon
  3826 | D:5      | Found a sand-covered staircase.
  3827 | D:5      | 3827 ||| PLANNING OSSUARY
  3832 | Ossuary  | Entered an ossuary
  3874 | Ossuary  | Reached XP level 8. HP: 54/58 MP: 0/0
  3961 | Ossuary  | 3961 ||| RETREEEEATING.
  3963 | Ossuary  | 3963 ||| RETREEEEATING.
  3992 | Ossuary  | Reached skill level 7 in Ranged Weapons
  4004 | Ossuary  | HP: 14/58 [elf zombie (5)]
  4009 | Ossuary  | HP: 10/58 [elf zombie (3)]
  4016 | Ossuary  | HP: 10/58 [elf zombie (1)]
  4362 | Ossuary  | Reached * piety under Okawaru
  4388 | Ossuary  | 4388 ||| READING 2 scrolls of identify.
  4388 | Ossuary  | 4388 ||| IDENTIFYING 2 sapphire potions
  4389 | Ossuary  | 4389 ||| READING scroll of identify.
  4389 | Ossuary  | 4389 ||| IDENTIFYING 2 scrolls labelled BAMUX RURR
  4390 | Ossuary  | 4390 ||| DROPPING 2 scrolls of blinking.
  4391 | Ossuary  | 4391 ||| DROPPING 2 potions of berserk rage.
  4406 | D:5      | 4406 ||| PLANNING D:1-11
  4426 | D:5      | Reached skill level 1 in Invocations
  4564 | D:5      | Reached XP level 9. HP: 65/65 MP: 0/0
  4564 | D:5      | Learned a level 4 spell: Leda's Liquefaction
  4618 | D:5      | Found a bloodstained altar of Trog.
  4676 | D:5      | 4676 ||| RETREEEEATING.
  4677 | D:5      | 4677 ||| RETREEEEATING.
  4678 | D:5      | 4678 ||| RETREEEEATING.
  4679 | D:5      | 4679 ||| RETREEEEATING.
  4680 | D:5      | 4680 ||| RETREEEEATING.
  4681 | D:5      | 4681 ||| RETREEEEATING.
  4682 | D:5      | 4682 ||| RETREEEEATING.
  4683 | D:5      | 4683 ||| RETREEEEATING.
  4684 | D:5      | 4684 ||| RETREEEEATING.
  4685 | D:5      | 4685 ||| RETREEEEATING.
  4686 | D:5      | 4686 ||| RETREEEEATING.
  4687 | D:5      | 4687 ||| RETREEEEATING.
  4688 | D:5      | 4688 ||| RETREEEEATING.
  4689 | D:5      | 4689 ||| RETREEEEATING.
  4690 | D:5      | 4690 ||| RETREEEEATING.
  4691 | D:5      | 4691 ||| RETREEEEATING.
  4692 | D:5      | 4692 ||| RETREEEEATING.
  4693 | D:5      | 4693 ||| RETREEEEATING.
  4694 | D:5      | 4694 ||| RETREEEEATING.
  4695 | D:5      | 4695 ||| RETREEEEATING.
  4696 | D:5      | 4696 ||| RETREEEEATING.
  4697 | D:5      | 4697 ||| RETREEEEATING.
  4698 | D:5      | 4698 ||| RETREEEEATING.
  4699 | D:5      | 4699 ||| RETREEEEATING.
  4699 | D:5      | HP: 16/65 [yak (3)]
  4700 | D:5      | 4700 ||| DRINKING 2 potions of heal wounds.
  4701 | D:5      | 4701 ||| RETREEEEATING.
  4706 | D:5      | HP: 12/65 [yak (8)]
  4707 | D:5      | 4707 ||| DRINKING potion of heal wounds.
  4709 | D:5      | 4709 ||| INVOKING Heroism.
  4714 | D:5      | Reached skill level 3 in Invocations
  4721 | D:5      | HP: 10/65 [yak (9)]
  4725 | D:5      | Reached ** piety under Okawaru
  4726 | D:5      | Reached skill level 8 in Ranged Weapons
  4726 | D:5      | HP: 8/65 [yak (3)]
  4727 | D:5      | Slain by a yak

Levels and vault maps discovered:
D:1:      wander_arrival_fairy_ring, layout_loops_ring, minivault_19
D:2:      layout_basic, kennysheep_generic_room_12
D:3:      layout_rooms, nicolae_ashenzari_panopticon, overflow_temple_1_default,
          st_stairs_5, kennysheep_cross_bottleneck, uniq_grinder
D:4:      layout_basic, nicolae_tso_swordbearing_angel,
          mainiacjoe_overflow_paths, nicolae_qazlal_general_emergency,
          okawaru_trees_1, minmay_temple_entry_drinking_statues,
          minmay_snake_closets
D:5:      layout_basic, kennysheep_mini, nicolae_ossuary_entry_monument

Skill      XL: |  1  2  3  4  5  6  7  8  9 |
---------------+----------------------------+-----
Ranged Weapons | 4 5 6 7 8 |  8.0
Armour         | 1 2 |  2.0
Fighting       | 3 4 5 |  5.0
Dodging        | 3 4 |  4.0
Invocations    | 2 4 |  4.0
Stealth        | |  0.7

Action                     |  1- 3 |  4- 6 |  7- 9 || total
---------------------------+-------+-------+-------++-------
   Fire: Shortbow          |   107 |   120 |   408 ||   635
 Invoke: Heroism           |       |       |     1 ||     1
    Use: Scroll            |     3 |     7 |     8 ||    18
         Potion            |       |     1 |     2 ||     3
 Armour: Leather armour    |    25 |       |       ||    25
         Ring mail         |     3 |    43 |   216 ||   262
  Dodge: Dodged            |    41 |    32 |   180 ||   253

Table legend:
 A = Non-vault XP
 B = Vault XP
 C = Vault XP percentage of total XP
 D = Non-vault monster count
 E = Vault monster count
 F = Vault count percentage of total count
                 A         B        C        D         E       F
            +---------+---------+-------+---------+---------+-------
      Total |    1548 |    1045 |  40.3 |     102 |      54 |  34.6
            +---------+---------+-------+---------+---------+-------
        D:1 |      53 |       0 |   0.0 |      29 |       0 |   0.0
        D:2 |      17 |       3 |  15.0 |      11 |       2 |  15.4
        D:3 |     120 |     285 |  70.4 |      23 |       4 |  14.8
        D:4 |     454 |      60 |  11.7 |      24 |       9 |  27.3
        D:5 |     904 |       0 |   0.0 |      15 |       0 |   0.0
    Ossuary |       0 |     697 | 100.0 |       0 |      39 | 100.0
            +---------+---------+-------+---------+---------+-------
